 Dungeon Crawl Stone Soup version 0.30-a0-728-gc68057be0a (webtiles) character file.

Game seed: 13952295682293630311

91 demibob the Chopper (level 4, -8/58 HPs)
             Began as a Hill Orc Fighter on Jan 31, 2023.
             Mangled by a moth of wrath (glowing shapeshifter) (31 damage)
             ... on level 3 of the Dungeon.
             The game lasted 00:02:15 (1745 turns).

demibob the Chopper (Hill Orc Fighter)              Turns: 1745, Time: 00:02:15

Health: -8/58      AC:  6    Str: 20    XL:     4   Next: 57%
Magic:  4/4        EV:  9    Int:  8    God:
Gold:   111        SH:  0    Dex: 10    Spells: 3/3 levels left

rFire   + . .      SeeInvis .    a - +0 war axe (chaos)
rCold   . . .      Faith    .    (no shield)
rNeg    . . .      Spirit   .    b - +0 scale mail
rPois   .          Reflect  .    (no helmet)
rElec   .          Harm     .    (no cloak)
rCorr   .          Rampage  .    (no gloves)
Will    .....                    (no boots) Stlth
                                 (no amulet)
HPRegen 0.29/turn                F - ring of protection from fire
MPRegen 0.09/turn                (no ring)

@: berserking, very quick
A: no striking features
a: no special abilities


You were on level 3 of the Dungeon.
You visited 1 branch of the dungeon, and saw 3 of its levels.

You collected 111 gold pieces.


   Skills:
 - Level 3.6 Fighting
 + Level 6.2 Axes
 - Level 3.2 Armour
 - Level 3.2 Shields


You had 3 spell levels left.
You didn't know any spells.
Your spell library was empty.

Inventory:

Hand Weapons
 a - a +0 war axe of chaos (weapon)
Missiles
 m - 4 poisoned darts (quivered)
Armour
 b - a +0 scale mail (worn)
 e - a +0 helmet
 f - a +0 helmet
Jewellery
 F - a ring of protection from fire (left hand)
Scrolls
 g - 2 scrolls of teleportation {unknown}
 n - a scroll of identify {unknown}
Potions
 c - a potion of attraction {unknown}
 d - a potion of might
 h - a potion of heal wounds {unknown}
 i - 2 potions of ambrosia {unknown}
 j - a potion of degeneration {unknown}
 k - a potion of flight {unknown}
 l - a potion of lignification {unknown}

Dungeon Overview and Level Annotations

Branches:
Dungeon (3/15)

Altars:

Shops:
D:2

(
#......########
#
#.>..#........#
#. #..<# .#.#
##..# ...=.
#..# .....#
##..#
#.....###..)#
#...w.......#
.#...$@##..#
##..y.##..#
#..####..# ....
#..# #.... #..#
####. #..# #


You could see a moth of wrath shaped shifter (berserk) and a dart slug.


Message History

You hit the moth of wrath but do no damage.
The moth of wrath barely misses you. The moth of wrath bites you.
The moth of wrath infuriates you!
A red film seems to cover your vision as you go berserk!
You feel yourself moving faster!
You feel mighty!
You barely miss the moth of wrath. The moth of wrath bites you.
You slash the moth of wrath! You burn the moth of wrath.
The moth of wrath is moderately wounded.
The moth of wrath bites you!
* * * LOW HITPOINT WARNING * * *
You are too injured to fight recklessly!
You are too injured to fight recklessly!
You are too injured to fight recklessly!
You are too injured to fight recklessly!
You are too injured to fight recklessly!
You are too injured to fight recklessly!
You are too injured to fight recklessly!
You are too injured to fight recklessly!
You are too injured to fight recklessly!
You are too injured to fight recklessly!
You are too injured to fight recklessly!
You are too injured to fight recklessly!
You are too injured to fight recklessly!
You slash the moth of wrath!
The moth of wrath goes berserk!
The moth of wrath is heavily wounded.
The dart slug launches a dart at you.
The slug dart hits you but does no damage.
The moth of wrath bites you!!
Ouch! That really hurt!
You die...

Skill      XL: |  1  2  3  4 |
---------------+-------------+-----
Axes           | 3 4 5 6 |  6.2
Fighting       | |  3.6
Armour         | |  3.2
Shields        | |  3.2

Action                     |  1- 3 |  4- 6 || total
---------------------------+-------+-------++-------
  Melee: War axe           |   100 |    33 ||   133
    Use: Scroll            |     3 |       ||     3
 Armour: Scale mail        |    53 |    12 ||    65
  Dodge: Dodged            |    81 |    14 ||    95

Levels and vault maps discovered:
D:1:      dpeg_arrival_short_road, layout_basic, kennysheep_crisscross
D:2:      layout_loops_ring, basic_ecumenical_altar, serial_shops,
          nicolae_shop_trees
D:3:      layout_loops_ring, grunt_ministairs_15

Notes
Turn   | Place    | Note
-------+----------+-------------------------------------------
     0 | D:1      | demibob the Hill Orc Fighter began the quest for the Orb.
     0 | D:1      | Reached XP level 1. HP: 19/19 MP: 1/1
    51 | D:1      | Reached skill level 3 in Axes
   105 | D:1      | Reached XP level 2. HP: 18/26 MP: 2/2
   194 | D:1      | Reached skill level 4 in Axes
   438 | D:1      | Reached XP level 3. HP: 31/31 MP: 3/3
   710 | D:1      | Reached skill level 5 in Axes
  1136 | D:2      | Reached XP level 4. HP: 39/39 MP: 4/4
  1295 | D:2      | Found Luassadd's Weapon Boutique.
  1439 | D:2      | Reached skill level 6 in Axes
  1548 | D:2      | Found a faded altar of an unknown god.
  1740 | D:3      | a quokka changed into a glowing shapeshifter
  1740 | D:3      | Noticed a glowing shapeshifter (glowing shapeshifter)
  1740 | D:3      | a glowing shapeshifter changed into a moth of wrath
  1740 | D:3      | Noticed a moth of wrath (glowing shapeshifter)
  1745 | D:3      | Mangled by a moth of wrath (glowing shapeshifter)

Vanquished Creatures
  A gnoll (D:1)
  2 adders (D:2)
  2 worms (D:2)
  A dart slug (D:2)
  7 endoplasms
  4 giant cockroaches
  2 goblins
  2 hobgoblins
  3 jackals (D:2)
  2 quokkas
  9 ball pythons
  7 bats
  A frilled lizard (D:1)
  5 kobolds
  5 rats
53 creatures vanquished.

Table legend: (Time is in decaauts)
 A = Elapsed time spent in this place.
 B = Non-inter-level travel time spent in this place.
 C = Inter-level travel time spent in this place.
 D = Time resting spent in this place.
 E = Time spent auto-exploring this place.
 F = Levels seen in this place.
 G = Mean time per level.
                   A        B        C        D        E       F      G
               +--------+--------+--------+--------+--------+-----+--------+
         Total |   1777 |   1676 |    101 |      0 |   1310 |   3 |  592.3 |
       Dungeon |   1777 |   1676 |    101 |      0 |   1310 |   3 |  592.3 |
               +--------+--------+--------+--------+--------+-----+--------+

Top non-repeatable levels by time:
     D:1: 961 daAuts
     D:2: 800 daAuts
     D:3: 16 daAuts

Table legend:
 A = Non-vault XP
 B = Vault XP
 C = Vault XP percentage of total XP
 D = Non-vault monster count
 E = Vault monster count
 F = Vault count percentage of total count
                 A         B        C        D         E       F
            +---------+---------+-------+---------+---------+-------
      Total |     130 |       0 |   0.0 |      53 |       0 |   0.0
            +---------+---------+-------+---------+---------+-------
        D:1 |      56 |       0 |   0.0 |      29 |       0 |   0.0
        D:2 |      70 |       0 |   0.0 |      22 |       0 |   0.0
        D:3 |       4 |       0 |   0.0 |       2 |       0 |   0.0
            +---------+---------+-------+---------+---------+-------
